 Dungeon Crawl Stone Soup version 0.23-a0-143-g1adec7b (webtiles) character file.

28279 iamserjio the Destroyer (level 13, -16/99 HPs)
             Began as a Black Draconian Wanderer on Sept 4, 2018.
             Was a High Priest of Hepliaklqana.
             Killed from afar by a frost giant (43 damage)
             ... with a bolt of cold
             ... in an ice cave.
             The game lasted 01:03:17 (21919 turns).

iamserjio the Destroyer (Black Draconian Wanderer) Turns: 21919, Time: 01:03:18

Health: -16/99     AC: 16    Str: 12    XL:     13   Next: 8%
Magic:  19/40      EV: 25    Int: 18    God:    Hepliaklqana [*****.]
Gold:   671        SH:  5    Dex: 18    Spells: 12/28 levels left

rFire    . . .     SeeInvis .   a - staff of power
rCold    . . .     Gourm    .   J - +0 buckler
rNeg     . . .     Faith    .   (armour unavailable)
rPois    +         Spirit   .   (helmet restricted)
rElec    +         Reflect  .   W - +1 cloak {rPois}
rCorr    .         Harm     .   v - +2 pair of gloves
MR       +....                  d - +2 pair of boots
Stlth    +++.......             (no amulet)
HPRegen  0.26/turn              E - +2 ring of slaying
MPRegen  0.27/turn              H - ring of protection from magic

@: agile
A: breathe lightning, unfitting armour, reduced essence, electricity resistance,
cold-blooded, AC +8
a: Breathe Lightning, Recall Ancestor, Ancestor Identity, Transference,
Idealise, Renounce Religion


You were in an ice cave.
You worshipped Hepliaklqana.
Hepliaklqana was extremely pleased with you.
You were not hungry.

You visited 3 branches of the dungeon, and saw 16 of its levels.
You also visited: Ice Cave.

You collected 791 gold pieces.
You spent 120 gold pieces at shops.

Inventory:

Hand Weapons
 F - a +1 short sword of electrocution
 I - a +0 whip of electrocution
 X - a cursed +6 flail of freezing
Missiles
 g - 358 stones (quivered)
 h - 245 arrows
Armour
 d - a +2 pair of boots (worn)
 v - a +2 pair of gloves (worn)
 J - a +0 buckler (worn)
 W - a +1 cloak of poison resistance (worn)
Magical Staves
 a - an uncursed staff of power (weapon)
 m - an uncursed staff of earth
Jewellery
 j - an uncursed amulet of harm {unknown}
 z - an uncursed ring of resist corrosion
 E - a +2 ring of slaying (left hand)
 H - a ring of protection from magic (right hand)
 Z - a +3 ring of dexterity
Wands
 n - a wand of disintegration (13)
 w - a wand of flame (87)
 y - a wand of digging (4)
 C - a wand of clouds (8)
 M - a wand of acid (6)
 V - a wand of paralysis (9)
 Y - a wand of iceblast (5)
Scrolls
 b - 12 scrolls of teleportation
 i - a scroll of silence
 l - a scroll of immolation
 q - 7 scrolls of remove curse {@r2}
 r - a scroll of vulnerability
 t - 4 scrolls of amnesia
 B - 2 scrolls of fear
 D - 2 scrolls of enchant weapon
 N - a scroll of blinking
 U - a scroll of magic mapping {unknown}
Potions
 c - 7 potions of curing {@q1}
 e - 3 potions of haste
 k - a potion of magic
 o - 3 potions of flight
 s - a potion of lignification
 u - 2 potions of mutation
 x - a potion of might
 A - a potion of degeneration {unknown}
 K - a potion of berserk rage {unknown}
 L - a potion of heal wounds {unknown}
 Q - a potion of resistance
 R - a potion of ambrosia
 T - a potion of cancellation
Miscellaneous
 P - a crystal ball of energy
Comestibles
 f - 30 rations


   Skills:
 - Level 9.0 Fighting
 - Level 10.0 Dodging
 - Level 1.0 Stealth
 - Level 4.2 Shields
 - Level 8.0 Spellcasting
 + Level 13.7 Conjurations
   Level 1.0 Summonings
 - Level 2.3 Air Magic
 - Level 5.0 Earth Magic
 - Level 1.0 Poison Magic
 - Level 2.0 Evocations


You had 12 spell levels left.
You knew the following spells:

 Your Spells              Type           Power        Failure   Level  Hunger
a - Sandblast             Erth           ####..       1%          1    None
b - Stone Arrow           Conj/Erth      #####.       1%          3    #......
c - Passwall              Tmut/Erth      ###.....     5%          2    None
d - Lee's Rapid Deconstr  Erth           ####......   34%         5    #####..
e - Blink                 Tloc           N/A          14%         2    None
f - Mephitic Cloud        Conj/Pois/Air  ####....     2%          3    #......

Your spell library contained the following spells:

 Spells                   Type           Power        Failure   Level  Hunger
 Flame Tongue             Conj/Fire      ####.        1%          1    None
 Magic Dart               Conj           ####         1%          1    None
 Conjure Flame            Conj/Fire      ####....     1%          3    #......
 Sticky Flame             Conj/Fire      ####....     6%          4    ###....
 Beastly Appendage        Tmut           #.....       10%         1    None
 Call Imp                 Summ           ##......     10%         2    None
 Slow                     Hex            #.......     14%         2    None
 Fireball                 Conj/Fire      ####......   16%         5    #####..
 Ignite Poison            Fire/Tmut/Pois #.......     26%         3    #......
 Tukima's Dance           Hex            #.......     28%         3    #......
 Petrify                  Tmut/Erth      ###.....     34%         4    ###....
 Silence                  Hex/Air        ##........   86%         5    #####..


Dungeon Overview and Level Annotations

Branches:
Dungeon (12/15)            Temple (1/1) D:6            Lair (3/6) D:9
 Shoals (0/4) Lair:3       Spider (0/4) Lair:2          Orc (0/2) D:9

Altars:
Ashenzari
Cheibriados
Dithmenos
Elyvilon
Fedhas
Gozag
Hepliaklqana
Kikubaaqudgha
Makhleb
Nemelex Xobeh
Okawaru
Qazlal
Ru
Sif Muna
Trog
Uskayaw
Vehumet
Wu Jian
Xom
Yredelemnul
Zin
The Shining One
Beogh

Shops:
D:5 [   D:8 *


Innate Abilities, Weirdness & Mutations

You can breathe wild blasts of lightning.
Your glossy black scales are hard. (AC +8)
You cannot fit into any form of body armour.
You are resistant to electric shocks. (rElec)
You are cold-blooded and may be slowed by cold attacks.
Your life essence is reduced to manifest your ancestor. (-10% HP)


Message History

Casting: Mephitic Cloud (safe; 1% risk of failure)
Okay, then.
Casting: Mephitic Cloud (safe; 1% risk of failure)
You blink.
Your resistance to elements expires.
The frost giant is engulfed in noxious fumes.
The frost giant appears confused.
You feel a little less clever now.
Your surroundings suddenly seem different.
Found three items.
You now have 671 gold pieces (gained 9).
You pick up the Handbook of the Fetching Blaze and begin reading...
You add the spells Flame Tongue, Tukima's Dance, Sticky Flame, Fireball and
j - a glowing fluorescent amulet Your magical contamination has completely faded away.
Found an ice covered gate leading back out of this place. 1234567 emerges from the mists of memory!
The frost giant casts a spell at you. The bolt of cold hits you!
You die...

##≈≈≈≈≈≈≈≈≈≈
#...#.#..###
.#≈≈≈≈≈≈≈≈#.
#.≈##..#.###
C##≈≈≈≈≈≈##...#
#.####
..##≈≈≈###..# #.#
####≈≈≈##..# #.# #
#.C### #.# #
#...####.# #
#....#.## #...@.##
#####..R...##
###..#........##
##[..........##.###
#.[.......######..#
##........#
###....# ##########
#...∩ ###


You could see the friendly 1234567 the battlemage and a frost giant.

Vanquished Creatures
  2 hydras
  Harold (D:8)
  A death yak (IceCv)
  A wolf spider zombie (D:12)
  A manticore (D:11)
  Joseph (D:7)
  A gargoyle (D:11)
  A spiny frog (Lair:2)
  A rime drake (IceCv)
  A komodo dragon (Lair:1)
  3 orc warriors
  10 polar bears (IceCv)
  A jumping spider (Lair:2)
  Prince Ribbit (D:7)
  3 blink frogs
  4 hippogriffs
  A redback (Lair:2)
  A wraith (D:11)
  22 yaks
  A wyvern (D:11)
  Grum (Lair:1)
  2 hungry ghosts
  5 water moccasins
  4 porcupines
  8 ice beasts
  2 sky beasts
  A black bear (D:10)
  An eye of draining (D:8)
  4 ogres
  11 wolves
  4 centaurs
  A phantom (D:9)
  2 crocodiles (Lair:1)
  A big kobold (D:10)
  7 bullfrogs
  A wyvern skeleton (D:10)
  3 killer bees (D:8)
  6 scorpions
  4 howler monkeys
  2 electric eels (Lair:2)
  11 wights
  8 crimson imps
  2 bullfrog zombies
  4 hounds
  A centaur zombie (D:11)
  2 bullfrog skeletons
  2 orc priests (D:9)
  4 jellies
  12 orc wizards
  A battlemage (D:9)
  2 worker ants
  7 gnolls
  5 adders
  3 oozes
  An adder zombie (D:8)
  An adder skeleton (D:7)
  8 worms
  A dart slug (D:1)
  A leopard gecko (D:1)
  33 orcs
  2 ball pythons
  12 bats
  6 giant cockroaches
  5 goblins
  19 hobgoblins
  12 jackals
  6 quokkas
  3 frilled lizards
  21 kobolds
  A leopard gecko zombie (D:9)
  A quokka skeleton (D:6)
  9 rats
  A plant (Lair:1)
335 creatures vanquished.

Vanquished Creatures (collateral kills)
  A two-headed ogre (D:10)
  An ice statue (IceCv)
  2 spiny frogs (Lair:2)
  A komodo dragon (D:10)
  9 polar bears (IceCv)
  3 hippogriffs
  2 blink frogs (Lair:2)
  A wraith (D:10)
  12 yaks
  2 steam dragons
  Menkaure (D:7)
  2 water moccasins (Lair:2)
  A porcupine (Lair:2)
  7 ice beasts
  A black bear (D:10)
  A hornet zombie (D:10)
  2 eyes of draining
  2 ogres
  A centaur (D:8)
  5 wolves
  A crocodile (Lair:2)
  7 bullfrogs
  2 scorpions
  A wight (D:7)
  A howler monkey (D:9)
  4 crimson imps
  A quasit (D:8)
  A hound (D:11)
  A jelly (D:10)
  3 iguanas (D:10)
  An orc wizard (D:8)
  A worker ant (D:6)
  An adder (D:10)
  A shadow imp (D:7)
  3 oozes (D:10)
  An adder zombie (D:10)
  9 orcs
  A bat (D:7)
  2 goblins
  A hobgoblin (D:6)
  3 jackals
  2 quokkas (D:7)
  A ball python (D:7)
  A butterfly (Lair:1)
  A fungus (D:9)
108 creatures vanquished.

Vanquished Creatures (others)
  A polar bear (IceCv)
  A wolf (IceCv)
  10 battlemagi
  An ancestor (D:6)
  A fungus (D:9)
14 creatures vanquished.

Grand Total: 457 creatures vanquished

Notes
Turn   | Place    | Note
-------+----------+-------------------------------------------
     0 | D:1      | iamserjio the Draconian Wanderer began the quest for the
                  | Orb.
     0 | D:1      | iamserjio set off with: a potion of curing {@q1}, a +0
                  | club, a ration
     0 | D:1      | Reached XP level 1. HP: 14/14 MP: 4/4
     2 | D:1      | Learned a level 1 spell: Sandblast
   251 | D:1      | Reached skill level 1 in Fighting
   816 | D:1      | Reached XP level 2. HP: 12/24 MP: 4/6
  1651 | D:1      | Reached XP level 3. HP: 29/29 MP: 7/7
  1680 | D:1      | Learned a level 3 spell: Stone Arrow
  1698 | D:2      | Found a basalt altar of Yredelemnul.
  2350 | D:2      | Reached XP level 4. HP: 36/36 MP: 3/8
  2443 | D:2      | Reached skill level 2 in Conjurations
  3174 | D:2      | Learned a level 2 spell: Passwall
  3823 | D:3      | Noticed a bullfrog
  3827 | D:3      | Killed a bullfrog
  3827 | D:3      | Reached skill level 3 in Conjurations
  3827 | D:3      | Reached XP level 5. HP: 39/41 MP: 0/9
  3978 | D:3      | Found a deep blue altar of Sif Muna.
  4027 | D:3      | Reached skill level 5 in Earth Magic
  4114 | D:3      | Reached XP level 6. HP: 34/48 MP: 6/10
  4536 | D:4      | Reached skill level 4 in Conjurations
  5012 | D:4      | Found a glowing golden altar of the Shining One.
  5074 | D:5      | Entered Level 5 of the Dungeon
  5086 | D:5      | Noticed an ice beast
  5241 | D:5      | Found a shattered altar of Ashenzari.
  5243 | D:5      | Found a hide-covered altar of Uskayaw.
  5368 | D:4      | Learned a level 5 spell: Lee's Rapid Deconstruction
  5376 | D:5      | Killed an ice beast
  5376 | D:5      | Reached skill level 1 in Shields
  5376 | D:5      | Your scales start taking on a glossy black colour.
  5376 | D:5      | Reduced skill Earth Magic to level 5
  5376 | D:5      | Reached XP level 7. HP: 55/55 MP: 0/11
  5376 | D:5      | Gained mutation: You are resistant to electric shocks.
                  | (rElec) [Black Draconian growth]
  6169 | D:5      | Found Tiadd's Armour Shop.
  6535 | D:5      | Found a sparkling altar of Nemelex Xobeh.
  6733 | D:6      | Found a staircase to the Ecumenical Temple.
  6758 | Temple   | Entered the Ecumenical Temple
  6904 | Temple   | Became a worshipper of Hepliaklqana the Forgotten
  6946 | D:6      | Reached skill level 5 in Conjurations
  6946 | D:6      | Reached XP level 8. HP: 46/54 MP: 14/14
  7083 | D:6      | Reached skill level 1 in Dodging
  7405 | D:6      | Reached * piety under Hepliaklqana
  7546 | D:6      | Reached skill level 6 in Conjurations
  8302 | D:7      | Noticed Prince Ribbit
  8308 | D:7      | HP: 3/88 [something (12)]
  8311 | D:7      | Killed Prince Ribbit
  8799 | D:7      | Found a sacrificial altar of Ru.
  8846 | D:7      | Reached XP level 9. HP: 62/63 MP: 15/15
  8876 | D:7      | Reached skill level 7 in Conjurations
  8934 | D:7      | Noticed Menkaure
  8944 | D:7      | Killed Menkaure
  9258 | D:7      | Noticed Joseph
  9275 | D:7      | Killed Joseph
  9277 | D:7      | Reached skill level 5 in Dodging
  9629 | D:7      | Reached skill level 8 in Conjurations
 10195 | D:8      | Reached XP level 10. HP: 63/70 MP: 16/16
 10291 | D:8      | Reached skill level 9 in Conjurations
 10339 | D:8      | Noticed Harold
 10348 | D:8      | Killed Harold
 10574 | D:8      | Found an ornate altar of the Wu Jian Council.
 10773 | D:8      | Reached ** piety under Hepliaklqana
 10774 | D:8      | Remembered your ancestor 1234567 as a battlemage
 10776 | D:8      | Found Efisogol's Assorted Antiques.
 10912 | D:8      | Bought a runed brass wand for 120 gold pieces
 11008 | D:9      | Found a staircase to the Lair.
 11294 | D:9      | Reached skill level 10 in Conjurations
 12053 | D:9      | Found a glowing silver altar of Zin.
 12123 | D:9      | Found a staircase to the Orcish Mines.
 12147 | D:10     | Entered Level 10 of the Dungeon
 12285 | D:10     | Reached skill level 11 in Conjurations
 12817 | D:10     | Reached XP level 11. HP: 58/75 MP: 17/17
 12829 | D:10     | Noticed a two-headed ogre
 12840 | D:10     | Killed a two-headed ogre
 12973 | D:10     | Reached skill level 5 in Fighting
 13028 | D:10     | Reached *** piety under Hepliaklqana
 13849 | D:11     | Reached skill level 12 in Conjurations
 14389 | D:11     | Learned a level 2 spell: Blink
 14393 | D:11     | Learned a level 3 spell: Mephitic Cloud
 14454 | D:11     | Reached skill level 1 in Air Magic
 14454 | D:11     | Reached skill level 1 in Poison Magic
 15085 | D:12     | Noticed a six-headed hydra
 15093 | D:11     | Killed a six-headed hydra
 15500 | D:12     | Noticed a deep elf mage
 15502 | D:12     | Reached skill level 5 in Spellcasting
 15820 | D:9      | Found a roughly hewn altar of Beogh.
 16222 | Lair:1   | Entered Level 1 of the Lair of Beasts
 16560 | Lair:1   | Noticed Grum
 16565 | Lair:1   | Reached XP level 12. HP: 59/93 MP: 21/21
 16577 | Lair:1   | Killed Grum
 17051 | Lair:1   | Reached **** piety under Hepliaklqana
 18262 | Lair:2   | Found a hole to the Spider Nest.
 18496 | Lair:2   | Noticed a five-headed hydra
 18503 | Lair:2   | Killed a five-headed hydra
 19157 | Lair:3   | Reached ***** piety under Hepliaklqana
 19253 | Lair:3   | Found a staircase to the Shoals.
 19307 | Lair:3   | Found a frozen archway.
 19350 | IceCv    | Entered an ice cave
 19713 | IceCv    | Reached skill level 10 in Dodging
 20974 | IceCv    | Reached skill level 13 in Conjurations
 21259 | IceCv    | Reached XP level 13. HP: 65/99 MP: 25/25
 21487 | IceCv    | Noticed a frost giant
 21894 | IceCv    | Identified the Handbook of the Fetching Blaze
 21919 | IceCv    | Killed from afar by a frost giant

Vault maps used:
D:1:      minmay_arrival_stone_box
D:2:      yredelemnul_altar_generic
D:3:      lemuel_coloured_pillars_altar, first_ration, minmay_misc_feat_chi
D:4:      nicolae_overflow_hidden_temple
D:5:      nemelex_altar_shiori, grunt_temple_overflow_open, serial_shops,
          shop_fountains, st_stairs_7, minmay_holes,
          kennysheep_decorative_pillar
D:6:      corexii_shantytown, minmay_temple_entry_large_hall
D:7:      nicolae_ru_great_annihilating_truth, uniq_prince_ribbit1, uniq_joseph,
          uniq_menkaure
D:8:      overflow_temple_1_default, serial_shops, shop, uniq_harold
D:9:      due_lair_maze_entry_diamond, minmay_orc_entry_temple_small,
          basic_altar
D:10:     kennysheep_six_static_rooms, hangedman_little_slice_of_home
D:11:     hex_tiny
D:12:     serial_shops, shop, minmay_diamond_spiral
Temple:   regret_index_temple_waves
Lair:1:   lemuel_fruit_fields, lemuel_fruit_tree, uniq_grum
Lair:2:   spider_nest_entry_funnel_web, serial_bayou_shore_a
Lair:3:   shoals_dummy_entry, portal_ice_cave_entry_ice_beasts,
          lemuel_old_faithful
IceCv:    ice_cave_caverns_02

Skill      XL: |  1  2  3  4  5  6  7  8  9 10 11 12 |
---------------+-------------------------------------+-----
Fighting       | 1 2 4 9 |  9.0
Earth Magic    | 4 5 5 |  5.0
Conjurations   | 3 4 5 6 8 11 12 13 | 13.7
Shields        | 1 4 |  4.2
Spellcasting   | 4 6 8 |  8.0
Dodging        | 3 6 8 10 | 10.0
Evocations     | 2 |  2.0
Air Magic      | 2 |  2.3
Poison Magic   | 1 |  1.0
Stealth        | |  1.0
Summonings     | |  1.0

Action                   |  1- 3 |  4- 6 |  7- 9 | 10-12 | 13-15 || total
-------------------------+-------+-------+-------+-------+-------++-------
Melee: Club              |   131 |       |       |       |       ||   131
       Tailslap          |    16 |    13 |    20 |    92 |       ||   141
       Short sword       |     9 |   120 |   292 |   507 |       ||   928
       Whip              |       |       |     1 |       |       ||     1
       Staff             |       |       |       |    95 |       ||    95
 Fire: Blowgun           |       |    11 |       |       |       ||    11
Throw: Tomahawk          |       |     2 |       |       |       ||     2
       Stone             |       |     1 |       |       |       ||     1
 Cast: Sandblast         |    11 |    29 |    42 |     8 |       ||    90
       Stone Arrow       |       |    19 |    15 |   154 |    19 ||   207
       Lee's Rapid Decon |       |       |     3 |     3 |     7 ||    13
       Mephitic Cloud    |       |       |       |     9 |     4 ||    13
       Blink             |       |       |       |     1 |     1 ||     2
Invok: Ancestor Identity |       |       |     1 |       |       ||     1
       Recall Ancestor   |       |       |     1 |     2 |       ||     3
       Ancestor Life: Ba |       |       |       |     1 |       ||     1
 Abil: Breathe Lightning |       |       |       |     5 |       ||     5
Evoke: Wand              |       |       |     5 |    20 |     8 ||    33
  Use: Scroll            |       |     1 |    10 |    16 |     2 ||    29
       Potion            |       |       |     5 |     3 |     3 ||    11
 Stab: Sleeping          |     2 |     2 |     3 |     3 |       ||    10
       Paralysed         |       |       |     2 |     5 |       ||     7
       Distracted        |       |       |       |     2 |       ||     2
       Confused          |       |       |       |     6 |       ||     6
  Eat: Chunk             |     5 |    11 |    19 |    31 |     2 ||    68
       Ration            |       |       |     1 |     3 |     1 ||     5
Armor: Skin              |    64 |    46 |   103 |   200 |     3 ||   416
Dodge: Dodged            |   108 |    79 |   196 |   586 |     9 ||   978
Block: Buckler           |       |       |    49 |   163 |     5 ||   217

Table legend:
 A = Non-vault XP
 B = Vault XP
 C = Vault XP percentage of total XP
 D = Non-vault monster count
 E = Vault monster count
 F = Vault count percentage of total count
                 A         B        C        D         E       F
            +---------+---------+-------+---------+---------+-------
      Total |   23273 |   17126 |  42.4 |     311 |     129 |  29.3
            +---------+---------+-------+---------+---------+-------
        D:1 |      42 |       0 |   0.0 |      20 |       0 |   0.0
        D:2 |      95 |       0 |   0.0 |      28 |       0 |   0.0
        D:3 |     285 |       0 |   0.0 |      34 |       0 |   0.0
        D:4 |     189 |       0 |   0.0 |       5 |       0 |   0.0
        D:5 |     587 |       0 |   0.0 |      22 |       0 |   0.0
        D:6 |     962 |      86 |   8.2 |      17 |      24 |  58.5
        D:7 |    1181 |     896 |  43.1 |      27 |       7 |  20.6
        D:8 |    2220 |     929 |  29.5 |      36 |       1 |   2.7
        D:9 |     870 |    1368 |  61.1 |      18 |      18 |  50.0
       D:10 |    2624 |    1303 |  33.2 |      33 |      13 |  28.3
       D:11 |    5312 |       0 |   0.0 |      31 |       0 |   0.0
       D:12 |    1123 |       0 |   0.0 |       6 |       0 |   0.0
     Lair:1 |    2845 |     534 |  15.8 |      14 |       4 |  22.2
     Lair:2 |    4938 |     511 |   9.4 |      20 |       2 |   9.1
     Lair:3 |       0 |    1036 | 100.0 |       0 |       8 | 100.0
      IceCv |       0 |   10463 | 100.0 |       0 |      52 | 100.0
            +---------+---------+-------+---------+---------+-------
